[Event "Julian Mazur Memorial"]
[Site "Wellington Chess Club"]
[Date "2013.10.24"]
[Round "1"]
[White "Marney, John"]
[Black "Van der Hoorn, Mark"]
[Result "0-1"]
[WhiteElo "1600"]
[BlackElo "2230"]
[ECO "C44"]
[TimeControl "5400+30"]

1. e4 e5 2. Nf3 Nc6 3. d4 exd4 4. Bc4 Nf6 5. e5 d5 6. Bb5 Ne4 7. Nxd4 Bd7 8.
Bxc6 bxc6 9. Be3 Bc5 10. Nd2 O-O 11. O-O Qe7 12. N2f3 Bb6 13. Qe2 c5 14. Nb3
Bg4 15. Nbd2 Rfe8 16. Bf4 Nxd2 17. Qxd2 Bxf3 18. gxf3 c6 19. Rae1 Qe6 20. Kh1
Qf5 21. Qc1 c4 22. Re2 Re6 23. Rg1 Rae8 24. Rg5 Qh3 25. Rg3 Qh5 26. Qg1 Rg6 27.
Qg2 Qf5 28. Rxg6 hxg6 29. Bg3 d4 30. f4 d3 31. cxd3 cxd3 32. Rd2 Ba5 33. Qxc6
Rc8 34. Qa6 Qe4+ 35. Kg1 Rc1+ 0-1

[Event "Julian Mazur Memorial"]
[Site "Wellington Chess Club"]
[Date "2013.11.14"]
[Round "4"]
[White "Stracy, Don"]
[Black "Marney, John"]
[Result "1-0"]
[WhiteElo "1851"]
[BlackElo "1600"]
[ECO "C05"]
[TimeControl "4500+30"]

1. e4 e6 2. d4 d5 3. Nd2 Nf6 4. e5 Nfd7 5. f4 c5 6. c3 Nc6 7. Ndf3 c4 8. g3 f6
9. Kf2 Be7 10. Kg2 O-O 11. b3 b5 12. a4 a6 13. axb5 Na7 14. bxc4 Nb6 15. c5 Nd7
16. bxa6 Nb8 17. Be3 Nac6 18. Qc2 Nxa6 19. Bxa6 Bxa6 20. Ne2 Qd7 21. Rhb1 Ra7
22. Nc1 Rfa8 23. Nb3 Bd8 24. Nfd2 Qf7 25. Nf3 Qd7 26. Kf2 Qf7 27. Rc1 Qd7 28.
Kg1 Qf7 29. Qf2 Qd7 30. Nbd2 Qf7 31. Ra2 Ba5 32. Rb2 Qe7 33. Nb3 Bd8 34. Nfd2
Bd3 35. Nf3 Ra3 36. Rd1 Bc4 37. Nfd2 Bxb3 38. Nxb3 Qa7 39. Rdb1 Kf7 40. Qc2 Kg8
41. Nd2 Ra1 42. Rxa1 Qxa1+ 43. Rb1 Qa6 44. Qb2 Qc8 45. Qb7 Qxb7 46. Rxb7 Ra1+
47. Kg2 Ra3 48. Rb3 Ra6 49. Kf3 Kf7 50. c4 Ba5 51. cxd5 Nxd4+ 52. Bxd4 Bxd2 53.
dxe6+ Rxe6 54. g4 g5 55. f5 Bf4 56. fxe6+ 1-0

[Event "Julian Mazur Memorial"]
[Site "Wellington Chess Club"]
[Date "2013.11.29"]
[Round "6"]
[White "Wight, Joshua"]
[Black "Marney, John"]
[Result "0-1"]
[WhiteElo "1231"]
[BlackElo "1600"]
[ECO "C13"]
[TimeControl "4500+30"]

1. e4 e6 2. d4 d5 3. Nc3 Nf6 4. Bg5 Be7 5. Nf3 Nxe4 6. Bxe7 Nxc3 7. Bxd8 Nxd1
8. Rxd1 Kxd8 9. Ng5 Ke7 10. c4 c6 11. Bd3 h6 12. Nf3 Nd7 13. O-O Nf6 14. cxd5
Nxd5 15. Ne5 Bd7 16. f4 Ne3 17. Rde1 Nxf1 18. Rxf1 Rad8 19. Re1 Bc8 20. Re4 c5
21. dxc5 Bd7 22. Rc4 Bb5 23. Rc3 Bxd3 24. Nxd3 f6 25. b4 Rd4 26. Kf2 Rhd8 27.
Ke3 g5 28. g3 Kf7 29. b5 Kg6 30. c6 bxc6 31. bxc6 R4d6 32. fxg5 hxg5 33. g4 Rc8
34. Nb4 Rc7 35. a4 f5 36. Nd3 Kf6 37. gxf5 exf5 38. Nb4 Ke7 39. Rd3 Rxd3+ 40.
Kxd3 Kd6 41. Kd4 Re7 42. Nc2 Kxc6 43. Ne3 Rxe3 44. Kxe3 Kc5 45. h3 a5 46. Kd3
Kb4 47. Kd4 Kxa4 48. Ke5 Kb5 49. Kxf5 a4 0-1

[Event "Julian Mazur Memorial"]
[Site "Wellington Chess Club"]
[Date "2013.11.31"]
[Round "3"]
[White "Marney, John"]
[Black "Stoeveken, Peter"]
[Result "0-1"]
[WhiteElo "1600"]
[BlackElo "1910"]
[ECO "C17"]
[TimeControl "4500+30"]

1. e4 e6 2. d4 d5 3. Nc3 Bb4 4. e5 c5 5. f4 Qb6 6. Nf3 Nc6 7. Be3 Nge7 8. a3
Nf5 9. dxc5 Bxc5 10. Bxc5 Qxc5 11. Qd2 Ne3 12. Qf2 d4 13. Ne4 Qxc2 14. Nd6+ Ke7
15. Nxd4 Qxf2+ 16. Kxf2 Nxd4 17. Kxe3 Nc2+ 18. Kd3 Nxa1 19. Kc3 Bd7 20. b4
Rac8+ 21. Bc4 Rc7 22. Rxa1 b5 23. Rd1 bxc4 24. b5 f6 25. a4 fxe5 26. fxe5 Rf8
27. Rd2 Rc5 28. Nxc4 Rf4 29. Rd4 Rxd4 30. Kxd4 Rd5+ 31. Ke4 Be8 32. Na5 Bg6+
33. Kf4 Rd4+ 34. Kg3 Rxa4 0-1

[Event "Summer Cup"]
[Site "Wellington Chess Club"]
[Date "2014.01.30"]
[Round "1"]
[White "Marney, John"]
[Black "Sknar, Andrew"]
[Result "1-0"]
[WhiteElo "1675"]
[BlackElo "1370"]
[ECO "C44"]
[TimeControl "4500+30"]

1. e4 e5 2. Nf3 Nc6 3. d4 d5 4. exd5 Qxd5 5. Nc3 Qa5 6. d5 Bb4 7. dxc6 Bxc3+ 8.
bxc3 Qxc3+ 9. Bd2 Qxc6 10. Nxe5 Qd5 11. Nf3 Be6 12. Be2 O-O-O 13. O-O Nf6 14.
c4 Qd6 15. Qc2 Ng4 16. a4 Nxh2 17. Rfd1 Nxf3+ 18. Bxf3 Qc5 19. Qb2 b6 20. a5
Qxc4 21. axb6 cxb6 22. Rac1 Qxc1 23. Qxc1+ Kb8 24. Bf4+ 1-0

[Event "Rapid Champs"]
[Site "Wellington Chess Club"]
[Date "2023.04.27"]
[Round "5"]
[White "Qu, Lucas"]
[Black "Moses, Christopher"]
[Result "0-1"]
[WhiteElo "1200"]
[BlackElo "1300"]
[ECO "C00"]
[PlyCount "34"]
[EventDate "2023.??.??"]
[SourceVersionDate "2023.04.30"]
[TimeControl "25+5"]

1. e4 c6 2. d4 d5 3. exd5 cxd5 4. Bd3 Nc6 5. c3 Nf6 6. h3 e6 7. Bf4 Be7 8. Nd2
Qb6 9. Qc2 Bd7 10. Ngf3 Rc8 11. O-O Nb4 12. Qb1 Nxd3 13. Qxd3 Bb5 14. c4 dxc4
15. Qc3 Nd5 16. Qc1 Nxf4 17. Ne4 Ne2+ {Game may have continued...}  (17... Ne2+
18. Kh2 Nxc1 19. Rfxc1 O-O 20. Rc2 Qd8 21. Rac1 Bc6) 0-1

[Event "Rapid Champs"]
[Site "Wellington Chess Club"]
[Date "2023.04.27"]
[Round "6"]
[White "Moses, Christopher"]
[Black "Marney, John"]
[Result "1-0"]
[WhiteElo "1300"]
[BlackElo "1400"]
[ECO "C29"]
[PlyCount "71"]
[EventDate "2023.??.??"]
[SourceVersionDate "2023.04.30"]
[TimeControl "25+5"]

1. e4 e5 2. Nc3 Nf6 3. f4 d5 4. fxe5 Nxe4 5. Qf3 Nxc3 6. bxc3 d4 7. Bc4 Be6 8.
Bxe6 fxe6 9. Qxb7 Nd7 10. cxd4 Be7 11. Nf3 O-O 12. O-O a5 13. Qc6 Nb6 14. Qxe6+
Kh8 15. a4 Re8 16. Qg4 Rf8 17. Ba3 Bxa3 18. Rxa3 Nc4 19. Rb3 Qd5 20. Rc3 Rad8
21. e6 Rfe8 22. Rxc4 Qxc4 23. Ne5 Qxd4+ 24. Qxd4 Rxd4 25. Nd7 Re4 26. Nc5 Re5
27. d4 Re2 28. Rf7 h6 29. d5 Rxc2 30. Rxc7 Rb8 31. Rb7 Rxb7 32. Nxb7 Re2 33.
Nxa5 Re5 34. Nc6 Rxd5 35. e7 Rd1+ 36. Kf2 {Game may have continued}  (36. Kf2
Rd2+ 37. Ke3 Rd1 38. e8=Q+ Kh7 39. Ne7 Re1+ 40. Kf4 Rxe7 41. Qxe7 {+63.3} ) 1-0